 Dungeon Crawl Stone Soup version 0.30-a0-778-g2ef04afb54 (webtiles) character file.

Game seed: 6901153945447582466

70 Pimp the Ducker (level 4, 0/34 HPs)
             Began as a Djinni Gladiator on Feb 16, 2023.
             Killed from afar by an orc wizard (8 damage)
             ... with a magic dart
             ... on level 6 of the Dungeon.
             The game lasted 00:06:54 (1603 turns).

Pimp the Ducker (Djinni Gladiator)                  Turns: 1603, Time: 00:06:55

Health: 0/34       AC:  4    Str: 13    XL:     4   Next: 45%
Gold:   35         EV: 17    Int: 15    God:
                   SH:  0    Dex: 17

rFire   + + .      SeeInvis .    a - +0 long sword
rCold   x . .      Faith    .    p - +2 buckler
rNeg    . . .      Spirit   .    b - +0 leather armour
rPois   ∞          Reflect  .    c - +0 helmet
rElec   .          Harm     .    (no cloak)
rCorr   .          Rampage  .    (no gloves)
Will    .....                    (boots unavailable)
Stlth   +                        (no amulet)
HPRegen 0.25/turn                j - +6 ring of intelligence
MPRegen 0.00/turn                k - +5 ring of evasion

@: confused, flying
A: sickness immunity, fire resistance 2, cold vulnerability 1, float, innate
caster, HP casting, extra vitality 1
a: no special abilities


You were on level 6 of the Dungeon.
You visited 1 branch of the dungeon, and saw 5 of its levels.

You collected 35 gold pieces.

Inventory:

Hand Weapons
 a - a +0 long sword (weapon)
Missiles
 d - 3 throwing nets (quivered)
 e - a javelin
 l - 13 poisoned darts
Armour
 b - a +0 leather armour (worn)
 c - a +0 helmet (worn)
 p - a +2 buckler (worn)
Jewellery
 j - a +6 ring of intelligence (left hand)
 k - a +5 ring of evasion (right hand)
 m - a ring of protection from cold
Potions
 f - 2 potions of heal wounds {unknown}
 g - 2 potions of curing {unknown}
 h - 2 potions of brilliance {unknown}
 i - 2 potions of degeneration {unknown}
 n - a potion of resistance {unknown}


   Skills:
 + Level 2.5 Fighting
 + Level 3.4 Long Blades
 + Level 1.5 Throwing
 + Level 1.4 Armour
 + Level 3.8 Dodging


You had 2 spell levels left.
You knew the following spells:

 Your Spells              Type           Power      Damage    Failure   Level
a - Sting                 Tmut/Pois      0%         1d3       43%         1
Your spell library was empty.

Dungeon Overview and Level Annotations

Branches:
Dungeon (6/15)
 Temple: D:4-7

Altars:

Shops:
D:1 =   D:2 *


Innate Abilities, Weirdness & Mutations

You are immune to sickness and miasma.
You are immune to poison.
Your flesh is very heat resistant. (rF++)
You are vulnerable to cold. (rC-)
You float through the air rather than walking.
You learn spells naturally, not from books.
Your magical power is your life essence.
You have superior vitality. (+4 MHP)


Message History

The quokka bites you. The adder barely misses you. The quokka misses you.
There is a stone staircase leading down here.
The adder barely misses you. The orc wizard misses you.
The quokka completely misses you. The adder closely misses you.
You fly downwards.
There is a stone staircase leading up here.
You miss the orc wizard.
The orc wizard is heavily wounded.
The orc wizard points at you and mumbles some strange words.
You are more confused.
The quokka bites you. The adder misses you.
The orc wizard gestures at you while chanting.
You are more confused.
The quokka bites you. The adder barely misses you.
The orc wizard closely misses you. The quokka misses you. The adder misses you.
The quokka attacks as you move away! The quokka closely misses you.
The orc wizard points at you and mumbles some strange words.
The puff of flame hits you. You resist.
You miss the orc wizard.
The orc wizard is moderately wounded.
The adder bites you. The orc wizard closely misses you. The adder bites you.
You're too confused to move!
The quokka barely misses you.
The orc wizard gestures at you while chanting.
You resist with some effort. The adder bites you.
You hit the orc wizard.
The orc wizard is severely wounded.
The quokka barely misses you. The adder bites you.
The orc wizard hits you with a +0 dagger.
* * * LOW HITPOINT WARNING * * *
The quokka closely misses you.
You closely miss the orc wizard.
The orc wizard is severely wounded.
The adder completely misses you.
The orc wizard points at you and mumbles some strange words.
The puff of flame hits you. You resist.
* * * LOW HITPOINT WARNING * * *
The quokka barely misses you. The adder bites you but does no damage.
The orc wizard casts a spell at you. The magic dart hits you!
You die...

.# #...#.#.#.# ..#
#.##.#.#.#.# ....
#.# .#.#.#. #....
#.# .#.#.
#....####'#+#.#.#.
#......<.....# .
#.....oS.....+
#.......r....#
#.......@....+
#..#####.....# #.
#.....# # ......#
.###### #. #. ..


You could see an orc wizard, an adder and a quokka.

Vanquished Creatures
  Crazy Yiuf (D:2)
  An adder (D:2)
  A ball python (D:1)
  3 endoplasms (D:1)
  7 goblins
  3 hobgoblins
  2 quokkas
  4 bats
  2 frilled lizards (D:2)
  3 kobolds (D:1)
  6 rats
33 creatures vanquished.

Notes
Turn   | Place    | Note
-------+----------+-------------------------------------------
     0 | D:1      | Pimp the Djinni Gladiator began the quest for the Orb.
     0 | D:1      | Reached XP level 1. HP: 18/18 MP: 0/0
   146 | D:1      | Found Vootodoch's Jewellery Shop.
   183 | D:1      | Found a faded altar of an unknown god.
   200 | D:1      | Reached XP level 2. HP: 23/23 MP: 0/0
   936 | D:2      | Reached XP level 3. HP: 13/29 MP: 0/0
   936 | D:2      | Learned a level 1 spell: Sting
  1162 | D:2      | Found Fuciul's General Store.
  1308 | D:2      | Found a runed translucent door.
  1311 | D:2      | Noticed Crazy Yiuf
  1333 | D:2      | Killed Crazy Yiuf
  1334 | D:2      | Reached skill level 1 in Armour
  1334 | D:2      | Reached XP level 4. HP: 34/34 MP: 0/0
  1573 | D:3      | You are sucked into a shaft and drop 3 floors!
  1588 | D:5      | Entered Level 5 of the Dungeon
  1592 | D:5      | Noticed an ogre
  1603 | D:6      | Killed from afar by an orc wizard

Illustrated notes

Levels and vault maps discovered:
D:1:      reono_arrival_forest_river, layout_loops_cross, serial_shops, shop,
          hellmonk_ecumenical_altar_slurped_away, minmay_pentomino_w2
D:2:      layout_rooms, serial_shops, shop, reono_crystal_passage,
          uniq_crazy_yiuf_cottage
D:3:      layout_rooms, nzn_wu_jian_contemplation
D:5:      layout_loops_cross, mainiacjoe_overflow_alcove_1, st_stairs_3,
          minmay_misc_feat_iff, water_boxes_lemuel, uniq_menkaure,
          uniq_prince_ribbit1, uniq_duvessa
D:6:      kennysheep_housing_project, layout_basic, grunt_temple_overflow_open,
          nicolae_uskayaw_en_pointe, minmay_temple_entry_wispy, serial_shops,
          shop

Skill      XL: |  1  2  3 |
---------------+----------+-----
Long Blades    | 3 |  3.4
Armour         | 1 |  1.4
Fighting       | |  2.5
Throwing       | |  1.5
Dodging        | |  3.8

Action                     |  1- 3 |  4- 6 || total
---------------------------+-------+-------++-------
  Melee: Long sword        |    77 |    18 ||    95
         Punch             |     1 |       ||     1
    Use: Scroll            |     2 |       ||     2
 Armour: Leather armour    |    29 |     7 ||    36
  Dodge: Dodged            |    68 |    26 ||    94
  Block: Buckler           |     8 |     7 ||    15

Table legend: (Time is in decaauts)
 A = Elapsed time spent in this place.
 B = Non-inter-level travel time spent in this place.
 C = Inter-level travel time spent in this place.
 D = Time resting spent in this place.
 E = Time spent auto-exploring this place.
 F = Levels seen in this place.
 G = Mean time per level.
                   A        B        C        D        E       F      G
               +--------+--------+--------+--------+--------+-----+--------+
         Total |   1625 |   1578 |     47 |     44 |   1100 |   5 |  325.0 |
       Dungeon |   1625 |   1578 |     47 |     44 |   1100 |   5 |  325.0 |
               +--------+--------+--------+--------+--------+-----+--------+

Top non-repeatable levels by time:
     D:1: 919 daAuts
     D:2: 657 daAuts
     D:6: 24 daAuts
     D:3: 16 daAuts
     D:5: 7 daAuts
